 Dungeon Crawl Stone Soup version 0.27.0-1-g7a089689b8 (webtiles) character file.

Game seed: 17191171460692285839

104076 hofbold the Nimble (level 16, -33/104 HPs)
             Began as a Djinni Monk on Aug 10, 2021.
             Was the Champion of Hepliaklqana.
             Killed from afar by an Ice Fiend (40 damage)
             ... with a bolt of cold
             ... in an ice cave.
             The game lasted 01:14:16 (36255 turns).

hofbold the Nimble (Djinni Monk)                   Turns: 36255, Time: 01:14:17

Health: -33/104    AC: 18    Str: 10    XL:     16   Next: 91%
Gold:   513        EV: 11    Int: 15    God:    Hepliaklqana [******] SH: 28 Dex: 20

rFire    + + .     SeeInvis .   A - +8 trident of the Octopus King {venom, rElec rPois Will+}
rCold    . . .     Faith    .   Q - +18 shield of the Gong {rElec rN+ Will+ EV-5}
rNeg     + . .     Spirit   .   a - +4 ring mail of Broken Taboos {+Blink Int-3 Dex+3}
rPois    ∞         Reflect  .   E - +0 hat {Will+}
rElec    +         Harm     .   F - +2 cloak
rCorr    .         Rampage  .   b - +2 pair of gloves
Will     ++++.                  (boots unavailable)
Stlth    ++........             L - amulet of regeneration
HPRegen  1.27/turn              R - ring of protection from cold
MPRegen  0.00/turn              o - ring of wizardry

@: about to teleport, flying, studying Armour
A: reduced essence, sickness immunity, fire resistance 2, cold vulnerability 1,
float, innate caster, hp casting, extra vitality 1
a: Renounce Religion, Evoke Blink, Recall Ancestor, Ancestor Identity,
Transference, Idealise


You were in an ice cave.
You worshipped Hepliaklqana.
Hepliaklqana was exalted by your worship.
You visited 6 branches of the dungeon, and saw 26 of its levels.
You visited the Abyss 1 time.
You also visited: Ossuary and Ice Cave.

You collected 2247 gold pieces.
You spent 1734 gold pieces at shops.

Inventory:

Hand Weapons
 A - the +8 trident of the Octopus King (weapon) {venom, rElec rPois Will+}
   (You found it on level 6 of the Lair of Beasts)

   It poisons the flesh of those it strikes.
   rElec:     It insulates you from electricity.
   rPois:     It protects you from poison.
   Will:      It increases your willpower.
Missiles
 e - 20 javelins
 i - 21 boomerangs
 q - 74 poisoned darts (quivered)
 w - 4 silver javelins
 H - 5 curare-tipped darts
Armour
 a - the +4 ring mail of Broken Taboos (worn) {+Blink Int-3 Dex+3}
   (You found it on level 1 of the Lair of Beasts)

   Int:       It affects your intelligence (-3).
   Dex:       It affects your dexterity (+3).
   +Blink:    It lets you blink.
 b - a +2 pair of gloves (worn)
 s - a +2 helmet
 E - a +0 hat of willpower (worn)
 F - a +2 cloak (worn)
 G - the +3 robe of Clouds {+Thunder rCloud rElec}
   (You found it on level 11 of the Dungeon)

   It can be evoked to surround the wearer with storm clouds, with success rate
   depending on Evocations skill.
   rElec:     It insulates you from electricity.
 Q - the +18 shield of the Gong (worn) {rElec rN+ Will+ EV-5}
   (You acquired it on level 6 of the Lair of Beasts)

   It is deafeningly noisy when blocking attacks.
   EV:        It affects your evasion (-5).
   rElec:     It insulates you from electricity.
   rN:        It protects you from negative energy.
   Will:      It increases your willpower.
Jewellery
 f - a ring of positive energy
 o - a ring of wizardry (right hand)
 L - an amulet of regeneration (around neck)
 R - a ring of protection from cold (left hand)
Wands
 d - a wand of digging (5)
 m - a wand of flame (83)
 x - a wand of polymorph (12)
 z - a wand of mindburst (4)
Scrolls
 c - 3 scrolls of magic mapping
 g - 9 scrolls of teleportation
 k - a scroll of holy word
 n - 6 scrolls of identify
 t - 2 scrolls of fog
 y - 3 scrolls of enchant weapon
 B - 2 scrolls of fear
 D - a scroll of summoning
 N - 2 scrolls of silence
 P - 2 scrolls of blinking
Potions
 h - 2 potions of resistance
 j - 2 potions of heal wounds
 l - 7 potions of curing
 p - a potion of brilliance
 r - 2 potions of might
 u - 2 potions of cancellation
 v - 2 potions of invisibility
 I - a potion of haste
 J - 3 potions of attraction
 K - 2 potions of lignification
 M - a potion of ambrosia
Miscellaneous
 C - a lightning rod (4/4)


   Skills:
 + Level 11.3 Fighting
 + Level 9.5 Polearms
 + Level 10.3 Armour
 + Level 12.2 Dodging
 - Level 1.5 Stealth
 + Level 5.6 Shields
 * Level 10.0 Spellcasting
 + Level 10.4 Invocations
 + Level 10.5 Evocations


You had 9 spell levels left.
You knew the following spells:

 Your Spells              Type           Power      Damage    Failure   Level
a - Fireball              Conj/Fire      18%        3d9       12%         5
b - Dazzling Flash        Conj/Hex       74%        N/A       1%          3
c - Cause Fear            Hex            18%        N/A       4%          4
d - Manifold Assault      Tloc           37%        N/A       12%         5
e - Magic Dart            Conj           100%       1d8       1%          1
f - Dispersal             Tloc           18%        N/A       52%         6
w - Passwall              Tmut/Erth      30%        N/A       1%          2
Your spell library was empty.

Dungeon Overview and Level Annotations

Branches:
Dungeon (15/15)            Temple (1/1) D:4            Lair (6/6) D:10
 Shoals (1/4) Lair:3       Spider (1/4) Lair:3        Slime (0/5) Lair:6
    Orc (2/2) D:10            Elf (0/3) Orc:2        Vaults (0/5) D:13
 Depths (0/5) D:15        Ossuary (visited)           IceCv (1/1)

Altars:
Ashenzari
Cheibriados
Dithmenos
Elyvilon
Fedhas
Gozag
Hepliaklqana
Kikubaaqudgha
Makhleb
Nemelex Xobeh
Okawaru
Qazlal
Ru
Sif Muna
Trog
Uskayaw
Vehumet
Wu Jian
Xom
Yredelemnul
Zin
The Shining One
Beogh
Jiyva

Shops:
D:1 *   D:11 *   D:13 :   Orc:2 *(([

Annotations:
D:13 2 transporters, 1 runed translucent door, exclusion: orange crystal statue, puimuR's ghost, journeyman HOMo
Lair:4 exclusion: 2 oklob plants
Spider:1 Rupert
Orc:1 2 transporters
Orc:2 3 runed translucent doors, peterlawrence's ghost, adept MiFi


Innate Abilities, Weirdness & Mutations

Your life essence is reduced to manifest your ancestor. (-10% HP)
You are immune to sickness and miasma.
You are immune to poison.
Your flesh is very heat resistant. (rF++)
You are vulnerable to cold. (rC-)
You float through the air rather than walking.
You learn spells naturally, not from books.
Your magical power is your life essence.
You have superior vitality. (+4 HP)


Message History

The seven-headed hydra simulacrum vaporises!
You hear a sizzling sound!
The fireball engulfs the Ice Fiend!
The Ice Fiend is burned terribly!
The Ice Fiend is lightly wounded.
Thargor avoids your attack.
You hear a roar!
The Ice Fiend claws Thargor.
The Ice Fiend freezes Thargor!!
Thargor resists.
The Ice Fiend barely misses Thargor.
Casting: Fireball (dangerous; 12% risk of failure)
Confirm with . or Enter, or press ? or * to list all spells.
Aiming: Fireball (dangerous; 12% risk of failure)
Press: ? - help, Shift-Dir - straight line, f - Ice Fiend
Aim: an Ice Fiend (lightly wounded, ally target) Thargor avoids your attack.
The fireball explodes!
The fireball engulfs the Ice Fiend.
The Ice Fiend is burned terribly!
The Ice Fiend is lightly wounded.
Thargor avoids your attack.
Thargor hits the Ice Fiend with a +0 quarterstaff!
The Ice Fiend closely misses Thargor.
The Ice Fiend claws Thargor!
The Ice Fiend freezes Thargor!!
Thargor resists.
Thargor is destroyed!
Casting: Fireball (dangerous; 12% risk of failure)
Confirm with . or Enter, or press ? or * to list all spells.
Aiming: Fireball (dangerous; 12% risk of failure)
Press: ? - help, Shift-Dir - straight line, f/p - Ice Fiend
Aim: an Ice Fiend (lightly wounded)
The fireball explodes!
The fireball engulfs the Ice Fiend but does no damage.
The Ice Fiend is lightly wounded.
Okay, then.
As you read the scroll of teleportation, it crumbles to dust.
You feel strangely unstable. The Ice Fiend gestures at you.
The bolt of cold hits you!!!
* * * LOW HITPOINT WARNING * * *
The Ice Fiend gestures at you. The bolt of cold hits you!!!
You die...

#.......⌠.......#
#...............#
#...............#
#.............##
#.####...####.#
#..#...#..###
#⌠.##'##[⌠#
###'#...#'###
#@..#...#...#
###.###...###.###
#...#.#...#.#...#
#1###'#...#'###'#
#.#.'.......'.#.#
#.###.8...8.###.#
#.#.'.......'.#.#
#.###.8...8.###.#
#.'...........'.#


You could see an Ice Fiend.

Vanquished Creatures
  Josephine (Spider:1)
  Harold (Lair:1)
  3 boulder beetles
  An ogre mage (D:14)
  2 hydras
  A merfolk avatar (Lair:6)
  7 two-headed ogres
  2 centaur warriors (D:13)
  A tengu warrior (D:15)
  3 death yaks (Lair:6)
  2 orc high priests (Orc:2)
  Sonja (D:11)
  A goliath frog (shapeshifter) (D:14)
  2 bog bodies (IceCv)
  A sea snake (Lair:6)
  An obsidian statue (IceCv)
  A phantasmal warrior (D:14)
  2 harpies (Lair:6)
  2 orc sorcerers (Orc:2)
  5 ugly things
  4 cyclopes
  4 wolf spiders
  4 elephants (Lair:6)
  A black mamba (Lair:6)
  A gargoyle (D:12)
  6 cane toads
  5 rime drakes
  9 freezing wraiths
  5 komodo dragons
  A demonic crawler (Lair:3)
  4 golden dragon simulacra (IceCv)
  An ice devil (IceCv)
  4 trolls
  A meliai (D:14)
  A jumping spider (Lair:3)
  2 merfolk
  2 hornets
  A wind drake (Lair:6)
  13 blink frogs
  8 redbacks
  A tarantella (Lair:3)
  3 wraiths
  27 yaks
  A wyvern (Lair:6)
  A basilisk (Lair:6)
  A steam dragon (Lair:6)
  A vampire mosquito (D:11)
  Edmund (D:4)
  An acid dragon (D:11)
  4 hydra simulacra (IceCv)
  9 water moccasins
  3 orc warriors
  A black bear (D:10)
  2 ettin simulacra (IceCv)
  9 centaurs
  3 ogres
  4 wolves
  5 bullfrogs
  3 scorpions
  A gnoll sergeant (D:12)
  5 wights (D:6)
  A howler monkey (D:6)
  An electric eel (Lair:1)
  3 centaur zombies
  2 human zombies (Ossuary)
  7 orc priests
  6 orc wizards
  2 hell rats
  Terence (D:2)
  A scorpion zombie (D:5)
  A killer bee zombie (D:6)
  A mummy (Ossuary)
  3 gnolls (D:12)
  10 adders
  3 dart slugs
  32 orcs
  3 bats
  3 endoplasms
  3 giant cockroaches
  7 hobgoblins
  4 jackals
  14 kobolds
  2 quokkas
  2 ball pythons
  2 frilled lizards
  9 goblins
  2 goblin zombies (Ossuary)
  A hobgoblin zombie (Ossuary)
  An orc zombie (Ossuary)
  5 rats (D:1)
335 creatures vanquished.

Vanquished Creatures (collateral kills)
  Snorg (D:13)
  2 boulder beetles
  2 centaur warriors
  3 hydras
  2 death knights (D:14)
  A two-headed ogre (D:14)
  A tengu warrior (D:14)
  2 death yaks (Lair:5)
  An orc high priest (Orc:2)
  2 skeletal warriors (D:12)
  A sea snake (shapeshifter) (D:13)
  A sea snake (Lair:6)
  An obsidian statue (IceCv)
  A lindwurm (D:13)
  A wolf spider (Lair:3)
  5 orc knights
  An orc sorcerer (Orc:2)
  A deep elf pyromancer (D:15)
  5 elephants
  4 cyclopes
  4 manticores
  A torpor snail (Lair:5)
  A merfolk siren (Lair:3)
  2 black mambas
  An unseen horror (shapeshifter) (D:15)
  9 cane toads
  3 rime drakes
  6 komodo dragons
  An unseen horror (D:10)
  2 tengu conjurers
  2 freezing wraiths (IceCv)
  An ice devil (IceCv)
  A demonic crawler (Lair:3)
  2 jumping spiders (Spider:1)
  3 meliai
  2 merfolk (Lair:3)
  A polar bear (Lair:4)
  A polar bear (shapeshifter) (D:13)
  2 hornets
  3 trolls
  4 dream sheep (Lair:5)
  A meliai zombie (D:11)
  14 blink frogs
  3 redbacks
  A dire elephant simulacrum (IceCv)
  A centaur simulacrum (D:14)
  A tarantella (Spider:1)
  A vampire (D:11)
  3 wraiths
  9 wyverns
  32 yaks
  A basilisk (D:10)
  A steam dragon (Lair:6)
  6 vampire mosquitoes
  Menkaure (D:4)
  5 wargs
  9 water moccasins
  19 orc warriors
  2 sky beasts
  3 black bears
  A necrophage (D:7)
  3 ogres
  6 wolves
  7 centaurs
  4 kobold brigands
  4 bullfrogs
  A wyvern zombie (D:6)
  11 scorpions
  A wyvern skeleton (D:7)
  6 wights
  3 electric eels
  4 centaur zombies
  9 orc priests
  A human zombie (Ossuary)
  A centaur skeleton (D:6)
  3 iguanas
  12 orc wizards
  5 scorpion zombies (Ossuary)
  9 hell rats
  A howler monkey zombie (D:7)
  2 mummies (Ossuary)
  2 adders
  A white imp (D:6)
  A worm (D:4)
  30 orcs
  2 goblin zombies (Ossuary)
  A hobgoblin zombie (Ossuary)
  10 kobolds
  A kobold zombie (Ossuary)
  3 orc zombies (Ossuary)
348 creatures vanquished.

Vanquished Creatures (others)
  Maurice (D:13)
  An orc wizard (D:9)
  43 battlemagi
  2 orcs (Orc:2)
  40 fungi
  90 plants
177 creatures vanquished.

Grand Total: 860 creatures vanquished

Notes
Turn   | Place    | Note
-------+----------+-------------------------------------------
     0 | D:1      | hofbold the Djinni Monk began the quest for the Orb.
     0 | D:1      | Reached XP level 1. HP: 20/20 MP: 0/0
    81 | D:1      | Reached XP level 2. HP: 25/25 MP: 0/0
   239 | D:1      | Found Nemetsik's Assorted Antiques.
   749 | D:1      | Reached XP level 3. HP: 24/30 MP: 0/0
   749 | D:1      | Learned a level 1 spell: Magic Dart
  1827 | D:2      | Noticed Terence
  1852 | D:2      | Killed Terence
  1853 | D:2      | Reached skill level 1 in Spellcasting
  1853 | D:2      | Reached XP level 4. HP: 30/35 MP: 0/0
  2107 | D:2      | Reached skill level 1 in Armour
  2318 | D:2      | Reached skill level 4 in Dodging
  2321 | D:2      | Reached XP level 5. HP: 10/40 MP: 0/0
  2321 | D:2      | Learned a level 2 spell: Passwall
  4010 | D:3      | Reached XP level 6. HP: 30/47 MP: 0/0
  4929 | D:4      | Found a stormy altar of Qazlal.
  5107 | D:4      | Noticed Menkaure
  5131 | D:5      | Entered Level 5 of the Dungeon
  5327 | D:4      | Found a staircase to the Ecumenical Temple.
  5336 | Temple   | Entered the Ecumenical Temple
  5388 | Temple   | Became a worshipper of Hepliaklqana the Forgotten
  5388 | Temple   | Reached * piety under Hepliaklqana
  5388 | Temple   | Reached ** piety under Hepliaklqana
  5389 | Temple   | Remembered your ancestor Thargor as a battlemage
  5507 | D:4      | Killed Menkaure
  5508 | D:4      | Reached XP level 7. HP: 43/46 MP: 0/0
  5508 | D:4      | Learned a level 3 spell: Dazzling Flash
  5589 | D:4      | Noticed Edmund
  5614 | D:4      | Killed Edmund
  5672 | D:4      | You are sucked into a shaft and drop 3 floors!
  5773 | D:7      | Reached skill level 5 in Dodging
  6080 | D:7      | Reached skill level 1 in Invocations
  6080 | D:7      | Reached skill level 1 in Evocations
  6080 | D:7      | Reached XP level 8. HP: 45/52 MP: 0/0
  6256 | D:6      | Reached skill level 5 in Fighting
  6787 | D:6      | Reached XP level 9. HP: 56/58 MP: 0/0
  6787 | D:6      | Learned a level 4 spell: Cause Fear
  6894 | D:6      | Reached skill level 6 in Dodging
  7070 | D:5      | Found an ornate altar of the Wu Jian Council.
  7741 | D:5      | Found a glowing golden altar of the Shining One.
  7743 | D:5      | Noticed an angel
  7758 | D:5      | Found a basalt altar of Yredelemnul.
  7953 | D:5      | Found a shadowy altar of Dithmenos.
  8110 | D:5      | Reached *** piety under Hepliaklqana
  8630 | D:7      | Found a bloodstained altar of Trog.
  9039 | D:7      | Found a shimmering altar of Xom.
  9298 | D:7      | Found a sacrificial altar of Ru.
  9710 | D:8      | Found a sand-covered staircase.
  9718 | Ossuary  | Entered an ossuary
 10049 | Ossuary  | Reached skill level 5 in Polearms
 10049 | Ossuary  | Reached XP level 10. HP: 57/64 MP: 0/0
 10352 | Ossuary  | Reached skill level 5 in Armour
 10446 | Ossuary  | Reached skill level 7 in Dodging
 11464 | D:9      | Found a broken altar of Ashenzari.
 11468 | D:9      | HP: 3/65 [hornet (13)]
 12659 | D:9      | Reached **** piety under Hepliaklqana
 12699 | D:9      | Reached skill level 5 in Evocations
 12847 | D:9      | Reached skill level 5 in Invocations
 13368 | D:10     | Entered Level 10 of the Dungeon
 13552 | D:10     | Reached XP level 11. HP: 66/70 MP: 0/0
 13552 | D:10     | Learned a level 5 spell: Manifold Assault
 13693 | D:10     | Reached skill level 8 in Dodging
 13907 | D:10     | Found a staircase to the Orcish Mines.
 14438 | D:10     | Found a staircase to the Lair.
 14453 | D:10     | Reached skill level 5 in Spellcasting
 14984 | Orc:1    | Entered Level 1 of the Orcish Mines
 15143 | Lair:1   | Entered Level 1 of the Lair of Beasts
 15370 | Lair:1   | Noticed an elephant
 15379 | Lair:1   | Killed an elephant
 15531 | Lair:1   | Identified the +4 ring mail of Broken Taboos {+Blink Int-3
                  | Dex+3}
 15828 | Lair:1   | Noticed Harold
 15869 | Lair:1   | Killed Harold
 15892 | Lair:1   | Reached XP level 12. HP: 26/77 MP: 0/0
 17136 | Lair:2   | Reached skill level 9 in Dodging
 18072 | Lair:3   | Found a hole to the Spider Nest.
 18446 | Lair:3   | Identified the +9 mace "Nenwadur" {flame, Fly rPois Int-4
                  | Dex+6}
 18676 | Lair:3   | Found a staircase to the Shoals.
 18684 | Lair:3   | Reached ***** piety under Hepliaklqana
 19651 | Lair:4   | Reached XP level 13. HP: 78/83 MP: 0/0
 19651 | Lair:4   | Learned a level 5 spell: Fireball
 19754 | Lair:4   | Noticed Urug
 19759 | Lair:4   | Noticed Urug
 19759 | Lair:4   | Urug changed into Urug the meliai
 19760 | Lair:4   | Killed Urug the meliai
 21648 | Lair:5   | Reached skill level 10 in Dodging
 22543 | Lair:6   | Entered Level 6 of the Lair of Beasts
 23164 | Orc:1    | Found a transporter.
 23173 | Orc:1    | Noticed an ettin
 23174 | Orc:1    | Found a transporter.
 23453 | Orc:2    | Entered Level 2 of the Orcish Mines
 24590 | Orc:2    | Paralysed by an orc sorcerer for 7 turns
 25125 | Orc:2    | Reached XP level 14. HP: 86/90 MP: 0/0
 25286 | Orc:2    | Reached ****** piety under Hepliaklqana
 25310 | Orc:2    | Found a staircase to the Elven Halls.
 25313 | Orc:2    | Noticed peterlawrence's ghost (adept MiFi)
 25355 | Orc:2    | Found a runed translucent gate.
 25355 | Orc:2    | Found a runed translucent gate.
 25372 | Orc:2    | Found a runed translucent gate.
 25737 | Orc:2    | Cast into level 2 of the Abyss (orc knight)
 25750 | Orc:2    | Escaped the Abyss
 26123 | Orc:2    | Found Yfefipek's Armour Boutique.
 26123 | Orc:2    | Found Votiy's Assorted Antiques.
 26210 | Orc:2    | Found Cusaid's Weapon Boutique.
 26210 | Orc:2    | Found Biequhy's Weapon Shoppe.
 26224 | Orc:2    | Bought a scroll of identify for 64 gold pieces
 26224 | Orc:2    | Bought a jade ring for 160 gold pieces
 26224 | Orc:2    | Bought a scroll of magic mapping for 112 gold pieces
 26224 | Orc:2    | Bought a scroll of fear for 112 gold pieces
 26224 | Orc:2    | Bought a buckler for 144 gold pieces
 26224 | Orc:2    | Bought a transparent flail for 272 gold pieces
 26224 | Orc:2    | Identified the +7 flail of Conscience {protect, rPois Int+2
                  | Dex-4} (You bought it in a shop on level 2 of the Orcish
                  | Mines)
 26227 | Orc:2    | Bought 2 javelins for 19 gold pieces
 26229 | Orc:2    | Bought a +2 cloak for 264 gold pieces
 26731 | D:11     | Found the +3 robe of Clouds {+Thunder rCloud rElec}
 27109 | D:11     | Noticed Sonja
 27111 | D:11     | Killed Sonja
 27304 | D:11     | Found Muejoece's Assorted Antiques.
 27313 | D:11     | Bought a potion of curing for 99 gold pieces
 27313 | D:11     | Bought a scroll of teleportation for 99 gold pieces
 27313 | D:11     | Bought a potion of haste for 330 gold pieces
 27313 | D:11     | Bought 2 bubbling silvery potions for 59 gold pieces
 28248 | D:12     | Reached skill level 1 in Shields
 28977 | D:12     | Reached skill level 10 in Fighting
 30003 | D:13     | Noticed Snorg
 30012 | D:13     | Killed Snorg
 30046 | D:13     | Found Goanoe's Book Boutique.
 30091 | D:13     | Found a transporter.
 30096 | D:13     | Found a transporter.
 30096 | D:13     | Noticed puimuR's ghost (journeyman HOMo)
 30104 | D:13     | Reached skill level 11 in Dodging
 30180 | D:13     | Found a runed translucent door.
 30181 | D:13     | Identified a scroll of acquirement
 30185 | D:13     | Acquired an amulet of regeneration
 30200 | D:13     | Noticed Maurice
 30207 | D:13     | Killed Maurice
 30458 | D:13     | Found a gate to the Vaults.
 30690 | D:13     | Reached XP level 15. HP: 93/96 MP: 0/0
 30690 | D:13     | Learned a level 6 spell: Dispersal
 31786 | Lair:6   | Found a viscous altar of Jiyva.
 31798 | Lair:6   | Found a staircase to the Slime Pits.
 32090 | Lair:6   | Acquired the +18 shield of the Gong {rElec rN+ Will+ EV-5}
 32091 | Lair:6   | Found the +18 shield of the Gong {rElec rN+ Will+ EV-5}
 32220 | Lair:6   | Found the +8 trident of the Octopus King {venom, rElec
                  | rPois Will+}
 32230 | Lair:6   | Identified the +11 quarterstaff "Gamegh" {drain, +Rage
                  | rElec rF- Dex+2}
 32352 | Lair:6   | Reached skill level 10 in Evocations
 32354 | Lair:6   | Reached XP level 16. HP: 101/103 MP: 0/0
 32612 | Lair:6   | Acquired a manual of Armour
 32680 | Spider:1 | Entered Level 1 of the Spider Nest
 32680 | Spider:1 | Noticed Josephine
 32845 | Spider:1 | Killed Josephine
 32976 | Spider:1 | Reached skill level 10 in Invocations
 32983 | Spider:1 | Noticed Rupert
 33175 | Shoals:1 | Entered Level 1 of the Shoals
 34626 | D:14     | Reached skill level 5 in Shields
 34706 | D:14     | Reached skill level 12 in Dodging
 35283 | D:14     | Identified the +5 flail of Infinity {spect, Dex+5}
 35342 | D:14     | Found a sparkling altar of Nemelex Xobeh.
 35525 | D:15     | Entered Level 15 of the Dungeon
 35539 | D:14     | Reached skill level 10 in Armour
 35604 | D:15     | Found a frozen archway.
 35612 | IceCv    | Entered an ice cave
 35630 | IceCv    | Reached skill level 10 in Spellcasting
 36168 | IceCv    | Noticed an Ice Fiend
 36254 | IceCv    | HP: 5/104 [Ice Fiend/bolt of cold (45)]
 36255 | IceCv    | Killed from afar by an Ice Fiend

Illustrated notes

Levels and vault maps discovered:
D:1:      dpeg_arrival_prison, layout_basic, serial_shops, shop
D:2:      layout_loops_cross, kennysheep_potato, uniq_terence
D:3:      layout_basic
D:4:      layout_loops_cross, grunt_qazlal_clouds, minmay_temple_entry_grid,
          uniq_menkaure, uniq_edmund
D:5:      layout_loops_ring, grunt_temple_overflow_holy_war,
          nicolae_dithmenos_the_darkroom, mainiacjoe_overflow_boulevard,
          chequers_mini_garden
D:6:      layout_basic
D:7:      layout_gridville, grunt_temple_overflow_open
D:8:      layout_basic, nicolae_ossuary_entry_monument
D:9:      layout_irregular_city, mainiacjoe_overflow_tiny_flanked,
          nicolae_vehumet_radiance
D:10:     layout_basic, minmay_lair_entry_grove, david_orc_3
D:11:     layout_rooms, gauntlet_entry_generic, serial_shops,
          nicolae_lakefront_shop, uniq_sonja
D:12:     layout_basic
D:13:     layout_roguey, david_vaults_4, serial_shops, nicolae_shop_stone,
          gammafunk_ghost_hive, minmay_crystal_box, uniq_snorg, uniq_maurice
D:14:     layout_loops_cross, nemelex_spade_bored_becter
D:15:     hangedman_depths_entry_try_elsewhere_first, layout_gridville,
          serial_shops, nicolae_lakefront_shop, nicolae_ashenzari_skybound,
          portal_ice_cave_entry_pillars_four, lightli_corner_chamber
Temple:   minmay_temple_bridge_abc
Lair:1:   layout_hall_layers, wad_woods_river_01, serial_bayou_shore_a,
          lemuel_fruit_fields, lemuel_fruit_tree, infiniplex_staircase_pool_2,
          uniq_harold
Lair:2:   layout_gridlike
Lair:3:   layout_regular_city, elwin_shoals_entry_stream, spider_nest_entry_webs
Lair:4:   layout_cave_pods, minivault_27, grunt_megastairs_3,
          minmay_lair_oklob_chamber, serial_bayou_shore_b, uniq_urug
Lair:5:   layout_roguey, grunt_megastairs_2
Lair:6:   gammafunk_lair_ancient_temple, layout_regular_city, slime_altar_1,
          nzn_sisyphean_effort
Shoals:1: layout_shoals
Spider:1: layout_spider_delve, nicolae_spider_some_kinda_spiderbox,
          uniq_josephine, uniq_rupert
Orc:1:    gammafunk_beogh_shrine, layout_caves
Orc:2:    grunt_orc_tribal_feast, layout_diamond_mine, gammafunk_ghost_split
IceCv:    ice_cave_tombish

Skill      XL: |  1  2  3  4  5  6  7  8  9 10 11 12 13 14 15 16 |
---------------+-------------------------------------------------+-----
Spellcasting   | 1 2 3 4 5 6 7 8 9 10 | 10.0
Armour         | 1 2 3 4 5 6 7 8 9 10 | 10.3
Dodging        | 4 5 6 7 8 9 10 11 12 | 12.2
Polearms       | 3 4 5 6 7 8 9 |  9.5
Fighting       | 4 5 6 7 8 9 10 11 | 11.3
Invocations    | 1 2 3 5 6 7 8 9 10 | 10.4
Evocations     | 1 2 3 5 6 7 8 9 10 | 10.5
Shields        | 2 4 5 |  5.6
Stealth        | |  1.5

Action                   |  1- 3 |  4- 6 |  7- 9 | 10-12 | 13-15 | 16-18 || total
-------------------------+-------+-------+-------+-------+-------+-------++-------
Melee: Spear             |    88 |    84 |    79 |   115 |     9 |       ||   375
       Trident           |       |       |       |   144 |    36 |   154 ||   334
       Halberd           |       |       |       |       |   277 |       ||   277
Throw: Javelin           |     2 |     9 |     6 |    23 |       |       ||    40
       Dart              |       |     3 |    16 |    95 |   119 |     8 ||   241
       Throwing net      |       |       |       |     3 |       |       ||     3
 Cast: Magic Dart        |    25 |    99 |   140 |   180 |       |       ||   444
       Dazzling Flash    |       |       |     5 |    21 |    47 |       ||    73
       Fireball          |       |       |       |       |   218 |   120 ||   338
       Cause Fear        |       |       |       |       |     1 |       ||     1
       Manifold Assault  |       |       |       |       |     3 |       ||     3
Invok: Ancestor Life: Ba |       |     1 |       |       |       |       ||     1
       Ancestor Identity |       |     1 |       |       |       |       ||     1
       Recall Ancestor   |       |       |     8 |     3 |    10 |     5 ||    26
       Idealise          |       |       |       |     5 |     5 |       ||    10
 Abil: Evoke Blink       |       |       |       |     2 |       |     5 ||     7
       Evoke Thunderclou |       |       |       |       |     8 |       ||     8
Evoke: Wand              |       |       |    18 |     8 |     3 |     5 ||    34
       Lightning rod     |       |       |       |       |     8 |       ||     8
  Use: Scroll            |     2 |     2 |     9 |    14 |    15 |     5 ||    47
       Potion            |     1 |       |     1 |     2 |     3 |     3 ||    10
 Stab: Sleeping          |     8 |       |     1 |     2 |       |       ||    11
       Distracted        |       |     1 |     1 |     3 |     6 |     6 ||    17
       Invisible         |       |       |       |     5 |     9 |       ||    14
Armor: Robe              |     7 |       |       |       |    42 |       ||    49
       Leather armour    |     3 |    36 |     6 |       |       |       ||    45
       Ring mail         |       |       |     8 |   122 |    74 |    99 ||   303
Dodge: Dodged            |    44 |    97 |    73 |   295 |   328 |    64 ||   901
Block: Kite shield       |       |       |       |       |    41 |   275 ||   316
